[Event "Early-Titled-Tuesday-Blitz-January-30-2024"]
[Site "Chess.com"]
[Date "2024.01.30"]
[Round "10"]
[White "baki83"]
[Black "GeorgiosSouleidis"]
[Result "1-0"]
[WhiteElo "2800"]
[BlackElo "2647"]
[TimeControl "180+1"]
[EndTime "10:01:38 PST"]
[Termination "baki83 won on time"]

1. e4 c5 2. Nf3 e6 3. c3 d5 4.
e5 d4 5. d3 Bd7 6. g3 Bc6 7.
Bg2 Ne7 8. O-O Nf5 9. Re1 Be7 10. c4 O-O 11. Nbd2 Nd7 12. Ne4 Qc7 13. h4 Rab8 14. a4 b6 15. Bf4 a6 16. h5 h6 17. Qd2 Kh7 18. g4 Nh4 19. Nxh4 Bxh4 20. g5 Rg8 21.
Kh1 Qd8 22. Rg1 Qe7 23. g6+ fxg6 24. hxg6+ Kh8 25. Nd6 Bxg2+ 26. Rxg2 Rbf8 27. Bxh6 Nxe5 28. Bg5 Qxd6 29. Bxh4 Nf3 30. Qe2 Qf4 31. Bg5 Qf5 32. Rg3 Nxg5 33. Qh5+ 1-0

[Event "Early-Titled-Tuesday-Blitz-January-30-2024"]
[Site "Chess.com"]
[Date "2024.01.30"]
[Round "10"]
[White "atalz0"]
[Black "Boundless_Strike"]
[Result "0-1"]
[WhiteElo "2470"]
[BlackElo "2631"]
[TimeControl "180+1"]
[EndTime "10:01:40 PST"]
[Termination "Boundless_Strike won by checkmate"]

1. d4 e5 2. dxe5 d6 3. Bf4 Nc6 4. Nf3 Bg4 5. Nbd2 dxe5 6. Nxe5 Nxe5 7. Bxe5 Qe7 8. h3 Qxe5 9. hxg4 O-O-O 10. c3 Nf6 11.
Qa4 Bc5 12. e3 Bxe3 13. O-O-O Bxd2+ 14. Rxd2 Rxd2 15. Kxd2 Rd8+ 16. Kc2 Qe1 17. Kb3 Ne4 18. Ka3 Kb8 19. f3 Nc5 20. Qb5 Nd3 21. Bxd3 Qxh1 22. Be4 c6 23. Bxc6 Kc7 24. Qxb7+ Kd6 25. Be4 Qd1 26.
Qc6+ Ke7 27. Qc7+ Rd7 28. Qe5+ Kf8 29. Qb8+ Rd8 30. Qxa7 Qd6+ 31. Kb3 Rb8+ 32. Kc2 Rd8 33. Qe3 Qd1# 0-1

[Event "Early-Titled-Tuesday-Blitz-January-30-2024"]
[Site "Chess.com"]
[Date "2024.01.30"]
[Round "10"]
[White "GrotBchess"]
[Black "MightyGMpretender"]
[Result "1/2-1/2"]
[WhiteElo "2341"]
[BlackElo "2782"]
[TimeControl "180+1"]
[EndTime "10:01:41 PST"]
[Termination "Game drawn by repetition"]

1. e4 g6 2. d4 Bg7 3. Be3 Nf6 4. Nc3 d5 5. e5 Ng4 6. Bf4 f6 7.
Nf3 O-O 8. Bg3 fxe5 9. dxe5 c6 10.
Bd3 Nd7 11. Qe2 Nc5 12. h4 Nxd3+ 13. cxd3 h6 14. h5 g5 15. d4 c5 16. dxc5 Bf5 17.
Nd4 Qc8 18. Nxf5 Qxf5 19. Nxd5 Kh8 20. Nxe7 Qe6 21. Ng6+ Kg8 22. Nxf8 Rxf8 23. O-O Nxe5 24. Rfe1 Rf5 25. Rad1 Qc8 26. Bxe5 Bxe5 27. Qc4+ Kg7 28. Qd5 Bh2+ 29. Kxh2 Rxd5 30. Rxd5 Kf6 31. Rde5 Qg4 32. Kg1 Qxh5 33. Re6+ Kf7 34. Re7+ Kf8 35. Rxb7 Qg6 36. Ree7 Qb1+ 37. Kh2 Qc1 38. Rf7+ Kg8 39. Rg7+ Kh8 40. Rh7+ Kg8 41. Rhg7+ Kh8 42. Rh7+ Kg8 43. Rhg7+ 1/2-1/2

[Event "Early-Titled-Tuesday-Blitz-January-30-2024"]
[Site "Chess.com"]
[Date "2024.01.30"]
[Round "10"]
[White "Trojan-Knight"]
[Black "secrethawk1"]
[Result "0-1"]
[WhiteElo "2632"]
[BlackElo "2465"]
[TimeControl "180+1"]
[EndTime "10:01:41 PST"]
[Termination "secrethawk1 won by checkmate"]

1. c4 c6 2. d4 d5 3. Nc3 Nf6 4. Nf3 e6 5. Bg5 h6 6. Bxf6 Qxf6 7. e3 g6 8. Be2 Bg7 9. O-O O-O 10. Ne5 Qd8 11. f4 dxc4 12. Nxc4 Nd7 13. e4 Nb6 14. e5 Nxc4 15. Bxc4 b5 16. Be2 Bb7 17. Ne4 Re8 18. Rc1 Re7 19. Bf3 Rc7 20.
Rf2 Bf8 21. Rd2 Be7 22. Nc5 Rac8 23. Nxb7 Rxb7 24. Bxc6 Rbc7 25. Rdc2 b4 26. Qd3 a5 27.
d5 exd5 28. Bxd5 Rxc2 29. Qxg6+ Kh8 30. Qxh6+ Kg8 31. Qg6+ Kh8 32. Qh5+ Kg7 33. Qxf7+ Kh6 34. Qe6+ Bf6 35. Qh3+ Kg7 36. exf6+ Qxf6 37. Qg4+ Kh8 38.
Qh5+ Kg7 39. Rf1 R8c5 40. Qg4+ Kf8 41. Be4 Qd4+ 42. Kh1 Qxe4 43. Qh4 Qxg2# 0-1

[Event "Early-Titled-Tuesday-Blitz-January-30-2024"]
[Site "Chess.com"]
[Date "2024.01.30"]
[Round "10"]
[White "jk13"]
[Black "marik_spb"]
[Result "1-0"]
[WhiteElo "2706"]
[BlackElo "2470"]
[TimeControl "180+1"]
[EndTime "10:01:42 PST"]
[Termination "jk13 won on time"]

1. e4 c5 2. c3 d5 3. exd5 Qxd5 4.
d4 Nf6 5. Nf3 Bg4 6. Nbd2 cxd4 7. Bc4 Qh5 8. Qb3 Nbd7 9. cxd4 e6 10. O-O Bd6 11. h3 Bxh3 12. gxh3 Qxh3 13. Ne5 Qxb3 14. Nxb3 Nxe5 15. dxe5 Bxe5 16. Re1 Bc7 17. Bb5+ Ke7 18. Be3 Rhd8 19. Rac1 Bd6 20. Na5 a6 21. Bf1 Bb4 22. Nxb7 Rdb8 23. Rc7+ Kf8 24. Rd1 Ne8 25. Rcd7 Nf6 26. Rd8+ Rxd8 27. Rxd8+ Rxd8 28. Nxd8 Nd5 29. Bd4 a5 30. Nc6 Bd2 31. Bc4 Nf4 32. Bc5+ Kg8 33. Ne7+ 1-0

[Event "Early-Titled-Tuesday-Blitz-January-30-2024"]
[Site "Chess.com"]
[Date "2024.01.30"]
[Round "10"]
[White "Barmen_EV"]
[Black "Ducke13"]
[Result "1-0"]
[WhiteElo "2485"]
[BlackElo "2307"]
[TimeControl "180+1"]
[EndTime "10:01:42 PST"]
[Termination "Barmen_EV won by checkmate"]

1. e4 c5 2. Nf3 d6 3. c3 Nf6 4. Be2 g6 5. O-O Bg7 6. Bb5+ Nc6 7. d4 O-O 8. Re1 a6 9. Bxc6 bxc6 10. dxc5 d5 11.
e5 Ne4 12. Be3 Qc7 13. Nbd2 Bg4 14. h3 Nxd2 15. hxg4 Nxf3+ 16. Qxf3 Bxe5 17. g3 Bg7 18. Kg2 e5 19. g5 Rab8 20. b4 a5 21. a3 Rb7 22.
Rh1 axb4 23. axb4 e4 24. Qg4 Bxc3 25. Qh4 f5 26. Ra6 Ra7 27. b5 Rxa6 28. bxa6 Ra8 29. Bf4 Qd7 30. Rb1 Bg7 31. Rb7 Qc8 32. Be5 Qf8 33.
Rxg7+ Qxg7 34. Bxg7 Kxg7 35. Qf4 Ra7 36. Qe5+ Kf7 37.
Qd6 Rxa6 38. Qd7+ Kf8 39. Qc8+ Kf7 40. Qxa6 Ke6 41. Qxc6+ Ke5 42. Qd6+ Kd4 43. c6 e3 44.
c7 e2 45. c8=Q e1=Q 46. Qcc5+ Kd3 47. Qdxd5+ Ke2 48. Qf3+ Kd2 49. Qcc3# 1-0

[Event "Early-Titled-Tuesday-Blitz-January-30-2024"]
[Site "Chess.com"]
[Date "2024.01.30"]
[Round "10"]
[White "KuzubovYuriy"]
[Black "Hovik_Hayrapetyan"]
[Result "1-0"]
[WhiteElo "2918"]
[BlackElo "2785"]
[TimeControl "180+1"]
[EndTime "10:01:43 PST"]
[Termination "KuzubovYuriy won on time"]

1. d4 Nf6 2. Nf3 d5 3. c4 e6 4. Nc3 Bb4 5. Bg5 h6 6. Bxf6 Qxf6 7. e3 O-O 8. Rc1 dxc4 9. Bxc4 c5 10. dxc5 Nd7 11. c6 Nb6 12. Qb3 Bxc3+ 13. Qxc3 bxc6 14.
Qxf6 gxf6 15. Be2 Bb7 16. Rc5 Rfd8 17. O-O Rd5 18. Rc2 Rad8 19. Rfc1 Rc8 20. Nd4 c5 21. Bf3 cxd4 22. Rxc8+ Bxc8 23. Bxd5 exd5 24. exd4 Be6 25. Rc7 Nc8 26. b4 Kf8 27. a4 Ke8 28. b5 Kd8 29. Rc6 Kd7 30. f3 Nb6 31. a5 Nc8 32. Ra6 Kc7 33. Kf2 Kb7 34. g4 Ne7 35. f4 f5 36.
g5 h5 37. Ke3 Ng6 38. Rc6 Ne7 39. Rc5 Nc8 40. Rc6 Ne7 41. a6+ Kb8 42. Rc5 Nc8 43. Kd3 Nd6 44. g6 1-0

[Event "Early-Titled-Tuesday-Blitz-January-30-2024"]
[Site "Chess.com"]
[Date "2024.01.30"]
[Round "10"]
[White "DefiantChair"]
[Black "LimeInTheCoconut"]
[Result "1-0"]
[WhiteElo "2593"]
[BlackElo "2471"]
[TimeControl "180+1"]
[EndTime "10:01:44 PST"]
[Termination "DefiantChair won on time"]

1. e4 e5 2. Nf3 Nc6 3. Bb5 g6 4. c3 d6 5. O-O Bg7 6. d4 Bd7 7. d5 Nce7 8. Bxd7+ Qxd7 9. c4 h6 10. Nc3 f5 11. b4 Nf6 12. Nd2 O-O 13. Re1 c6 14. Qe2 Kh7 15. Bb2 Rac8 16. Rac1 cxd5 17. exd5 a6 18. c5 Nexd5 19. Nxd5 Nxd5 20. Nc4 dxc5 21. Rcd1 Qc6 22. Nxe5 Nf4 23. Nxc6 Nxe2+ 24. Rxe2 Bxb2 25. Rd7+ Kh8 26. Ne7 Rf7 27. Rxb2 Re8 28. Re2 Kh7 29. Kf1 cxb4 30. Rxb7 a5 31. f4 a4 32. Kf2 b3 33.
axb3 axb3 34. Ke1 b2 35. Kd2 b1=Q 36. Rxb1 Rfxe7 37. Rxe7+ Rxe7 38. Rb4 Kg7 39. Kd3 Kf6 40.
g3 g5 41. Rb6+ Re6 42. Rxe6+ Kxe6 43. Kd4 Kd6 44. h3 gxf4 45. gxf4 Ke6 46. Kc5 Kf6 47. Kd5 1-0

[Event "Early-Titled-Tuesday-Blitz-January-30-2024"]
[Site "Chess.com"]
[Date "2024.01.30"]
[Round "10"]
[White "Yurasova_Daria"]
[Black "NM_Antelacus"]
[Result "1-0"]
[WhiteElo "2432"]
[BlackElo "2245"]
[TimeControl "180+1"]
[EndTime "10:01:44 PST"]
[Termination "Yurasova_Daria won by resignation"]

1. d4 Nf6 2. Bg5 e6 3. e4 Be7 4. Nd2 h6 5. Bxf6 Bxf6 6. c3 b6 7.
Bd3 Bb7 8. Ne2 c5 9. O-O O-O 10. f4 d6 11. Qe1 Bh4 12. Ng3 Nc6 13. Nf3 cxd4 14. cxd4 Rc8 15. f5 exf5 16. Nxh4 Qxh4 17. Nxf5 Qxe1 18. Raxe1 Rcd8 19. Bc4 g6 20. Nxh6+ Kg7 21.
Nxf7 Rd7 22. Ng5 Rxf1+ 23. Rxf1 Nxd4 24. Rd1 Nc2 25. Rd3 Nb4 26. Rg3 Kf6 27. h4 Ke5 28. Nf3+ Kxe4 29. Rxg6 d5 30. Bb5 Re7 31. Rg4+ Ke3 32. Rxb4 Rg7 33. Bf1 Rd7 34. Rb3+ Kf4 35.
Ng5 d4 36. Rd3 Kg4 37. g3 Ba6 38. Bh3+ Kh5 39. Bxd7 Bxd3 40. Kf2 Bc4 41. Bf5 Bxa2 42. Kf3 Kh6 43. Kf4 Bd5 44. g4 a5 45. Be6 Bg2 46. Nf3 d3 47. g5+ Kg7 48. Nd2 b5 49. h5 b4 50. h6+ Kf8 51. g6 a4 52. g7+ 1-0

[Event "Early-Titled-Tuesday-Blitz-January-30-2024"]
[Site "Chess.com"]
[Date "2024.01.30"]
[Round "10"]
[White "YairParkhov"]
[Black "MatthewG-p4p"]
[Result "1/2-1/2"]
[WhiteElo "2690"]
[BlackElo "2872"]
[TimeControl "180+1"]
[EndTime "10:01:45 PST"]
[Termination "Game drawn by repetition"]

1. Nf3 c5 2. g3 g6 3. Bg2 Bg7 4. O-O Nc6 5. c4 e6 6. Nc3 Nge7 7. a3 O-O 8. Rb1 d6 9. b4 b6 10. Qc2 Bb7 11. d3 Qd7 12. Bd2 Rfd8 13. Rfc1 Rac8 14. h4 Nd4 15. Nxd4 cxd4 16. Bxb7 Qxb7 17. Nd1 Nf5 18.
Qa4 Be5 19. c5 b5 20. Qb3 Bxg3 21. fxg3 Nxg3 22. Nf2 Nxe2+ 23. Kf1 Nxc1 24. Rxc1 Qf3 25. Qd1 Qd5 26. Ne4 Qf5+ 27. Kg2 dxc5 28. bxc5 f6 29. Qe2 Qd5 30. Qf3 Rf8 31. Bh6 f5 32.
Nd6 Qa2+ 33. Kh3 Qxa3 34. Nxc8 Rxc8 35. Re1 Qa6 36. Qf4 Qb7 37. Rxe6 Qh1+ 38. Kg3 Qg1+ 39. Kh3 Qh1+ 40. Kg3 Qg1+ 41. Kf3 Qf1+ 42. Kg3 Qg1+ 1/2-1/2

[Event "Early-Titled-Tuesday-Blitz-January-30-2024"]
[Site "Chess.com"]
[Date "2024.01.30"]
[Round "10"]
[White "LornerAcosta"]
[Black "ricaurtelopezj1955"]
[Result "1-0"]
[WhiteElo "2430"]
[BlackElo "2178"]
[TimeControl "180+1"]
[EndTime "10:01:45 PST"]
[Termination "LornerAcosta won by resignation"]

1. Nf3 d5 2. e3 c5 3. c4 Nf6 4.
Be2 g6 5. b3 Bg7 6. Bb2 O-O 7.
cxd5 Qxd5 8. O-O Nc6 9. Nc3 Qd6 10. Rc1 Bf5 11. d4 cxd4 12. Nb5 Qb4 13. Nfxd4 Rad8 14. a3 Qa5 15. b4 Qb6 16. Qb3 Be4 17. Nxc6 bxc6 18.
Bd4 Qb7 19. Nc3 a5 20. Nxe4 Nxe4 21. Bxg7 Kxg7 22. Bf3 f5 23. Bxe4 fxe4 24. Qc3+ Rf6 25. bxa5 Rd5 26. Qb4 Rb5 27. Qxe4 Rxa5 28. a4 Qa7 29.
Rc4 Kf7 30. g3 Qd7 31. Rfc1 Qd5 32. Qh4 h5 33. Rf4 Qd2 34. Rxf6+ exf6 35. Qc4+ Kg7 36. Rc2 Qd1+ 37. Kg2 Rf5 38. Qe2 Qd5+ 39. e4 1-0

[Event "Early-Titled-Tuesday-Blitz-January-30-2024"]
[Site "Chess.com"]
[Date "2024.01.30"]
[Round "10"]
[White "Resignify"]
[Black "HeroWilczek"]
[Result "0-1"]
[WhiteElo "2265"]
[BlackElo "2453"]
[TimeControl "180+1"]
[EndTime "10:01:45 PST"]
[Termination "HeroWilczek won by checkmate"]

1. e4 c6 2. d4 d5 3. Nd2 dxe4 4.
Nxe4 Nf6 5. Nxf6+ exf6 6. c3 Bd6 7. Bd3 O-O 8. Qc2 h5 9. Ne2 Be6 10. O-O Qc7 11. h3 Nd7 12. c4 Rfe8 13. Be3 Rad8 14.
Rfd1 Nf8 15. Rac1 a5 16. a3 Bc8 17. Nc3 Bh2+ 18. Kh1 Bf4 19. Re1 Ne6 20. d5 Bxe3 21.
fxe3 Nc5 22. Bh7+ Kh8 23. Bf5 Qg3 24. Bxc8 Rxc8 25. Qf5 Qe5 26. Qxe5 Rxe5 27. Rcd1 Rce8 28. e4 Nxe4 29. Nxe4 Rxe4 30. Rxe4 Rxe4 31. dxc6 bxc6 32. Rd6 Rxc4 33. Rd7 Rc2 34. Rd8+ Kh7 35. Rb8 Kg6 36. Rb6 h4 37. Kh2 Kg5 38. b4 axb4 39. Rxb4 f5 40. a4 Ra2 41. Rc4 c5 42. Rxc5 Rxa4 43. Rc7 Kg6 44. Rc6+ f6 45. Rc5 Kg5 46. Rc7 g6 47.
Re7 Ra2 48. Rf7 f4 49. Rg7 f3 50. Kh1 Ra1+ 51. Kh2 f2 52. Rxg6+ Kxg6 53. g4 f1=Q 54. g5 Qf2# 0-1

[Event "Early-Titled-Tuesday-Blitz-January-30-2024"]
[Site "Chess.com"]
[Date "2024.01.30"]
[Round "10"]
[White "LeoLV10"]
[Black "Snegokhod"]
[Result "1-0"]
[WhiteElo "2480"]
[BlackElo "2568"]
[TimeControl "180+1"]
[EndTime "10:01:47 PST"]
[Termination "LeoLV10 won by resignation"]

1. e4 g6 2. d4 b6 3. Nc3 Bb7 4. f4 Bg7 5. Nf3 e6 6. Bd3 Ne7 7. O-O O-O 8. Qe2 Nbc6 9. Be3 Nb4 10.
Bb5 a6 11. Ba4 f5 12. e5 Nbd5 13. Nxd5 Nxd5 14. Bd2 b5 15. Bb3 Bh6 16. g3 Qe7 17. a4 c5 18. axb5 axb5 19. Qxb5 Bc6 20. Qxc5 Qxc5 21.
dxc5 Rfb8 22. Nd4 Bf8 23. Nxc6 Bxc5+ 24. Kg2 dxc6 25. Kf3 Kf7 26. Ke2 Ke7 27. Rxa8 Rxa8 28. Rb1 Kd7 29. Bc4 Nb6 30. Bd3 Nd5 31. b4 Rb8 32. c3 Bb6 33. Ra1 c5 34. Bb5+ Kc7 35.
bxc5 Bxc5 36. c4 Ne7 37. Ra6 Bb6 38. Bb4 Nc8 39. Ra2 Rb7 40. Rd2 Kb8 41. Rd7 Rc7 42.
Bd6 Nxd6 43. Rxd6 Bg1 44. h4 Ra7 45. Rxe6 Ra3 46. Re8+ Kc7 47. Re7+ Kb6 48. Rxh7 Rxg3 49. Rg7 Rg4 50. e6 Rxf4 51. e7 Re4+ 52. Kf1 Bc5 53. e8=Q 1-0

[Event "Early-Titled-Tuesday-Blitz-January-30-2024"]
[Site "Chess.com"]
[Date "2024.01.30"]
[Round "10"]
[White "sergeikim"]
[Black "sokidze"]
[Result "0-1"]
[WhiteElo "2585"]
[BlackElo "2837"]
[TimeControl "180+1"]
[EndTime "10:01:48 PST"]
[Termination "sokidze won by resignation"]

1. d4 Nf6 2. c4 e6 3. Nc3 Bb4 4.
Qc2 d5 5. a3 Bxc3+ 6. Qxc3 O-O 7. Nf3 dxc4 8. Qxc4 b6 9. g3 Ba6 10. Qc2 Bb7 11. Bg2 Nbd7 12. O-O Rc8 13. Rd1 c5 14. dxc5 Rxc5 15. Qa4 Qa8 16. Be3 Bc6 17. Qh4 Rh5 18. Qb4 Ne5 19. Ne1 Neg4 20. Nf3 Nxh2 21. Ne1 Bxg2 22. Nxg2 Nhg4 23. f3 Rh2 24. Qd4 e5 25. Qd2 Rh3 26. Bf2 Nxf2 27. Kxf2 e4 28. Nf4 Rh2+ 29.
Kg1 Rh6 30. Nd5 exf3 31. exf3 Kh8 32. Rac1 Rg6 33. Kf2 Nxd5 34. Qxd5 Qb8 35. Qd6 Rxd6 0-1

[Event "Early-Titled-Tuesday-Blitz-January-30-2024"]
[Site "Chess.com"]
[Date "2024.01.30"]
[Round "10"]
[White "VomDingJetztHer"]
[Black "Mops_2004"]
[Result "0-1"]
[WhiteElo "2505"]
[BlackElo "2766"]
[TimeControl "180+1"]
[EndTime "10:01:49 PST"]
[Termination "Mops_2004 won by resignation"]

1. e4 g6 2. d4 Bg7 3. c3 d6 4.
Nf3 Nf6 5. Bd3 O-O 6. O-O Nc6 7. h3 e5 8. dxe5 Nxe5 9. Nxe5 dxe5 10. Bc2 Be6 11.
Qe2 Nh5 12. Be3 Qh4 13. Nd2 Nf4 14. Bxf4 Qxf4 15. Rad1 Rad8 16. Bb3 Bc8 17. Nc4 Qg5 18. Qe3 Qxe3 19. Nxe3 c6 20. Nc4 b6 21. Rfe1 Bf6 22.
a4 Kg7 23. a5 Be6 24. axb6 axb6 25. Kf1 Bg5 26. Ke2 Ra8 27. Ra1 b5 28. Rxa8 Rxa8 29. Nb6 Rd8 30. Bxe6 Rd2+ 31. Kf3 fxe6 32. Re2 Rd3+ 33.
Kg4 Kf6 34. f3 Bf4 35. h4 Be3 36. Nd7+ Rxd7 37. Rxe3 Rd2 38. g3 Rxb2 39. Rd3 Rb3 40. Kh3 b4 41. f4 exf4 42. gxf4 Rxc3 43. Rxc3 bxc3 44. Kg4 h5+ 45. Kf3 c2 0-1

[Event "Early-Titled-Tuesday-Blitz-January-30-2024"]
[Site "Chess.com"]
[Date "2024.01.30"]
[Round "10"]
[White "Korchmar_Vasiliy"]
[Black "BelyakovBogdan"]
[Result "0-1"]
[WhiteElo "2704"]
[BlackElo "2577"]
[TimeControl "180+1"]
[EndTime "10:01:49 PST"]
[Termination "BelyakovBogdan won on time"]

1. e4 e5 2. Nf3 Nc6 3. Bc4 Bc5 4. c3 Nf6 5. d3 O-O 6. Bg5 h6 7. Bh4 Be7 8. Nbd2 d6 9. O-O Be6 10. Bxe6 fxe6 11. b4 a6 12. a4 Nh5 13. Bg3 Nf4 14.
Qc2 Qe8 15. Rab1 b6 16. b5 axb5 17. axb5 Nb8 18. d4 Nd7 19. Nc4 Qh5 20. Bxf4 Rxf4 21. Qd3 Raf8 22. Nfd2 exd4 23. cxd4 d5 24. exd5 exd5 25.
Ne3 Rh4 26. h3 Bd6 27. Qb3 Nf6 28. Nf3 Rf4 29. Ne5 Rxd4 30. Nc6 Rd2 31. Rbd1 Ne4 32. Nxd5 Kh8 33. Nde7 Bc5 34. Rxd2 Nxd2 35. Qe6 Kh7 0-1

[Event "Early-Titled-Tuesday-Blitz-January-30-2024"]
[Site "Chess.com"]
[Date "2024.01.30"]
[Round "10"]
[White "Zq1"]
[Black "elchacal664"]
[Result "0-1"]
[WhiteElo "2494"]
[BlackElo "2386"]
[TimeControl "180+1"]
[EndTime "10:01:50 PST"]
[Termination "elchacal664 won on time"]

1. d4 d5 2. c4 e6 3. Nc3 c5 4. e3 Nf6 5. Nf3 Nc6 6. a3 a6 7. cxd5 exd5 8. Be2 c4 9. Ne5 Bd6 10. f4 O-O 11. Bf3 Ne7 12. g4 Ng6 13. g5 Ne4 14.
Nxe4 dxe4 15. Bxe4 Nxe5 16. dxe5 Bc5 17. Qxd8 Rxd8 18. Ke2 Bg4+ 19. Bf3 Bxf3+ 20. Kxf3 Rd3 21. Ke2 Rad8 22. h4 g6 23. a4 a5 24. Re1 Kf8 25. Rf1 Ke7 26. Re1 Ke6 27. Kf3 Kf5 28. Rf1 Rb3 29.
Ke2 Ke4 30. f5 Bxe3 31. Rf3 Rdd3 32. e6 Bxg5 33. Rxd3 cxd3+ 34. Kd1 Bxh4 35. exf7 Be7 36. fxg6 hxg6 37. Bh6 Rxb2 38. f8=Q Bxf8 39. Bxf8 Rf2 40.
Rc1 Rxf8 41. Rc7 Rf4 42. Rxb7 g5 43. Ra7 Rf5 44. Re7+ Kf3 45. Rd7 g4 46. Rxd3+ Kf2 0-1

[Event "Early-Titled-Tuesday-Blitz-January-30-2024"]
[Site "Chess.com"]
[Date "2024.01.30"]
[Round "10"]
[White "FabianoCaruana"]
[Black "JimDiGrease"]
[Result "0-1"]
[WhiteElo "3060"]
[BlackElo "2973"]
[TimeControl "180+1"]
[EndTime "10:01:54 PST"]
[Termination "JimDiGrease won on time"]

1. e4 c5 2. Nf3 e6 3. d4 cxd4 4. Nxd4 Nf6 5. Nc3 Nc6 6. a3 d6 7. Be3 Be7 8. Qe2 e5 9. Nb3 Ng4 10. O-O-O Nxe3 11. fxe3 O-O 12. Kb1 Rb8 13. Qe1 a6 14.
Nd5 b5 15. h4 Be6 16. g3 a5 17. c3 Qd7 18. Be2 Qa7 19. Rc1 Rfc8 20. Qd2 Bf8 21. Qd3 b4 22. axb4 axb4 23. Qa6 Qd7 24. Bb5 Rxb5 25.
Qxb5 Rb8 26. Qa4 Qb7 27. c4 Bd7 28. Rhd1 Nd4 29. Qa2 Ra8 30. exd4 Rxa2 31. Kxa2 exd4 32. Rxd4 Ba4 33. Rd3 Qa7 34. Kb1 g6 35. Nd4 Bg7 36. b3 Bxd4 37. bxa4 Be5 38. Rd2 Qxa4 39. c5 Qb3+ 0-1

[Event "Early-Titled-Tuesday-Blitz-January-30-2024"]
[Site "Chess.com"]
[Date "2024.01.30"]
[Round "10"]
[White "IwkooO"]
[Black "LiemLe"]
[Result "0-1"]
[WhiteElo "2685"]
[BlackElo "3069"]
[TimeControl "180+1"]
[EndTime "10:01:54 PST"]
[Termination "LiemLe won by resignation"]

1. e4 c5 2. Nf3 Nc6 3. Bb5 g6 4. Bxc6 bxc6 5. O-O Bg7 6. Re1 Qc7 7. c3 d6 8. h3 Nf6 9. d4 cxd4 10. cxd4 O-O 11. Nc3 c5 12. e5 dxe5 13. dxe5 Rd8 14. Qe2 Nd5 15. Nxd5 Rxd5 16. Bf4 Bb7 17. Rac1 Rad8 18. Rc3 Qc8 19. Rec1 h6 20. Be3 Qf5 21. Rxc5 Rxc5 22. Bxc5 Bxf3 23. Qxf3 Qxe5 24. b4 Qb2 25. Rd1 Rxd1+ 26. Qxd1 Qxa2 27. Bxe7 a6 28. Bc5 Qc4 29.
g3 Bc3 30. Qd8+ Kh7 31. Qe7 h5 32. h4 Bb2 33. Qe3 Bc1 34. Qe7 Ba3 35. Qf6 Qe6 36.
Qd4 Bc1 37. Kg2 Bh6 38. Qd6 Qxd6 39. Bxd6 Kg8 40. Kf3 f5 41. Ke2 Kf7 42. Kd3 Ke6 43. Bc5 Kd5 44. Bb6 Bf8 45. Ba5 Bd6 46. Bd8 Bxb4 47.
Bg5 a5 0-1

[Event "Early-Titled-Tuesday-Blitz-January-30-2024"]
[Site "Chess.com"]
[Date "2024.01.30"]
[Round "10"]
[White "Let_it_be_1"]
[Black "Sattarov_Bobur"]
[Result "1-0"]
[WhiteElo "2595"]
[BlackElo "2745"]
[TimeControl "180+1"]
[EndTime "10:01:54 PST"]
[Termination "Let_it_be_1 won by resignation"]

1. e4 e5 2. Nf3 Nc6 3. Bb5 a6 4. Ba4 Bc5 5. c3 Qf6 6. O-O Nge7 7. Re1 h6 8. d4 Ba7 9. Be3 O-O 10. dxe5 Nxe5 11.
Nxe5 Qxe5 12. Bxa7 Rxa7 13. Qd4 Qxd4 14. cxd4 b5 15.
Bb3 d6 16. Nc3 c5 17. Nd5 c4 18. Nxe7+ Rxe7 19. Bc2 Bb7 20. f3 Rc8 21. Rac1 b4 22. Kf2 a5 23. Ke3 f5 24. Kf4 fxe4 25. Bxe4 Rf8+ 26. Kg3 Bxe4 27. Rxe4 Rc7 28. d5 Rfc8 29. Re6 Rd8 30. Kf4 Kf7 31. Ke4 Rdc8 32. Rxd6 Re8+ 33. Kd4 Re2 34. Rxc4 Rxc4+ 35. Kxc4 Rxb2 36. Rd7+ Kf6 37. Rd6+ Ke7 38. Rg6 Rxa2 39. Rxg7+ Kf6 40. Rg4 Ra3 41. Re4 b3 42. Kc3 a4 43. d6 Ra2 44. d7 Rc2+ 45.
Kd3 1-0

[Event "Early-Titled-Tuesday-Blitz-January-30-2024"]
[Site "Chess.com"]
[Date "2024.01.30"]
[Round "10"]
[White "bazar-wokzal"]
[Black "Szparu"]
[Result "0-1"]
[WhiteElo "2599"]
[BlackElo "2765"]
[TimeControl "180+1"]
[EndTime "10:01:55 PST"]
[Termination "Szparu won by resignation"]

1. e4 e6 2. d4 d5 3. exd5 exd5 4.
Nf3 Nf6 5. c4 Bb4+ 6. Nc3 O-O 7.
Bd3 dxc4 8. Bxc4 Nc6 9. O-O Bg4 10. Bg5 Bxf3 11. Qxf3 Qxd4 12. Bxf6 Qxc4 13. Qg3 g6 14. Rad1 Rfe8 15. Nd5 Bd6 16. Qh3 Nb4 17. Rd4 Qxd5 18. Rxd5 Nxd5 19. Bd4 Nf4 20. Qh4 Re4 21. Kh1 Rxd4 22. g3 Ne6 23. Qf6 Bf8 24. Re1 Rad8 25. Kg2 Bg7 26. Qf3 c6 27. Qb3 Nc5 28. Qa3 Nd3 29. Re3 a6 30. h4 h5 31. Qa5 R4d7 32. b3 Nxf2 33. Kxf2 Bd4 34. Kf3 Bxe3 35. Kxe3 Re8+ 36.
Kf2 Re4 37. Qc3 Rde7 38. Kg2 Re2+ 39. Kh3 Rxa2 40. g4 hxg4+ 41. Kxg4 Rg2+ 42. Kf4 Rge2 43.
h5 R2e4+ 44. Kg5 R4e5+ 45. Kf4 Rxh5 46. Qb4 Rh4+ 0-1

[Event "Early-Titled-Tuesday-Blitz-January-30-2024"]
[Site "Chess.com"]
[Date "2024.01.30"]
[Round "10"]
[White "GianmarcoVaR"]
[Black "TokChess"]
[Result "1-0"]
[WhiteElo "2703"]
[BlackElo "2541"]
[TimeControl "180+1"]
[EndTime "10:01:55 PST"]
[Termination "GianmarcoVaR won on time"]

1. d4 Nf6 2. Nf3 g6 3. g3 Bg7 4.
Bg2 O-O 5. O-O d5 6. c4 dxc4 7.
Na3 Nd5 8. Nxc4 Nb6 9. Qc2 Nc6 10. Rd1 Nxc4 11. Qxc4 Bf5 12. d5 Ne5 13. Nxe5 Bxe5 14. e4 Bd7 15. f4 Bg7 16. Be3 Qc8 17. Rac1 Bxb2 18. Rc2 Bg7 19. e5 Bf5 20. Rcc1 c6 21. dxc6 bxc6 22. Bxc6 Rb8 23. Bxa7 Ra8 24. Bb6 Qa6 25. a4 Qxb6+ 26. Qc5 Qxc5+ 27. Rxc5 Ra7 28. a5 f6 29. Ra1 fxe5 30. fxe5 Rc8 31. a6 Bxe5 32.
Bd5+ Kg7 33. Rxc8 Bxc8 34. Re1 Bd4+ 35. Kg2 e5 36. Rb1 Bxa6 37. Rb8 Bd3 38. g4 Kh6 39. h4 1-0

[Event "Early-Titled-Tuesday-Blitz-January-30-2024"]
[Site "Chess.com"]
[Date "2024.01.30"]
[Round "10"]
[White "blitzking1729"]
[Black "themind1hunter"]
[Result "1-0"]
[WhiteElo "2701"]
[BlackElo "2539"]
[TimeControl "180+1"]
[EndTime "10:01:55 PST"]
[Termination "blitzking1729 won on time"]

1. c4 e6 2. Nc3 Bb4 3. Qc2 Nf6 4. Nf3 c5 5. a3 Ba5 6. e3 O-O 7. Rb1 Nc6 8. d3 d5 9. cxd5 exd5 10. Bd2 d4 11.
exd4 Nxd4 12. Nxd4 cxd4 13. Ne4 Bxd2+ 14. Qxd2 Re8 15. Be2 Nxe4 16. dxe4 Rxe4 17. O-O Bf5 18. Rbd1 Bg6 19. Bf3 Re6 20. Bxb7 Rb8 21. Qxd4 Qxd4 22. Rxd4 Rb6 23. Rfd1 h5 24. Bf3 Rxb2 25. h4 Ra2 26. Ra4 Rb3 27. Rd8+ Kh7 28. Rc4 Bf5 29. Bxh5 Rb1+ 30.
Kh2 Rxf2 31. Bxf7 Rbb2 32. Bd5 Be6 33. Be4+ Bf5 34. Bd5 Be6 35. Be4+ Bf5 36. Bxf5+ Rxf5 37. Rd7 Rff2 38. Rg4 Kh6 39. Rdxg7 a5 40. Kh3 1-0

[Event "Early-Titled-Tuesday-Blitz-January-30-2024"]
[Site "Chess.com"]
[Date "2024.01.30"]
[Round "10"]
[White "Grischuk"]
[Black "Elsa167"]
[Result "1-0"]
[WhiteElo "3073"]
[BlackElo "2866"]
[TimeControl "180+1"]
[EndTime "10:01:56 PST"]
[Termination "Grischuk won on time"]

1. d4 Nf6 2. c4 g6 3. Nc3 Bg7 4. e4 d6 5. Be2 O-O 6. Be3 Nbd7 7. Nf3 e5 8. O-O Qe7 9. Qc2 c6 10. d5 c5 11. Ne1 Kh8 12. g3 Ng8 13. Ng2 f5 14. exf5 gxf5 15. f4 Ngf6 16. Rae1 Ng4 17. Bd2 Qf7 18. Nb5 Qe7 19. Nc7 Rb8 20. Ne6 Rf7 21. Nxg7 Kxg7 22. Bxg4 fxg4 23. Bc3 Kg8 24. Qe2 b5 25. Qxg4+ Rg7 26. Qe6+ Qxe6 27. dxe6 Nb6 28.
fxe5 d5 29. cxd5 Nxd5 30. Rf6 b4 31. Bd2 c4 32. Bh6 c3 33. b3 c2 34. Rc1 Bxe6 35.
Rxe6 Rc7 36. Rd6 Ne7 37. Ne3 Rbc8 38. Rd2 Ng6 39. Rdxc2 Nxe5 40. Rxc7 1-0